 Dungeon Crawl Stone Soup version 0.25.0-26-g0c896c7088 (webtiles) character file.

Game seed: 17548923015818986229

193158 TheNamelessOne the Severer (level 19, -8/157 HPs)
             Began as a Formicid Fighter on July 1, 2020.
             Was the Champion of Okawaru.
             Killed from afar by a deep elf high priest (29 damage)
             ... with damnation
             ... on level 4 of the Depths.
             The game lasted 01:10:09 (30885 turns).

TheNamelessOne the Severer (Formicid Fighter)      Turns: 30885, Time: 01:10:10

Health: -8/157     AC: 36    Str: 29    XL:     19   Next: 42%
Magic:  22/26      EV:  7    Int: 10    God:    Okawaru [******]
Gold:   823        SH: 22    Dex: 13    Spells: 18/18 levels left

rFire    + . .     SeeInvis +   c - +4 battleaxe (vamp)
rCold    . . .     Gourm    .   i - +2 tower shield {AC+3}
rNeg     . . .     Faith    +   h - +7 plate armour of Limitation {Int+2}
rPois    +         Spirit   .   (helmet unavailable)
rElec    +         Reflect  .   U - +1 cloak {rPois}
rCorr    .         Harm     .   F - +2 pair of gloves {Dex+3}
MR       ++...                  (no boots)
Stlth    ..........             R - amulet "Caer" {Faith rElec MR+ Stlth+}
HPRegen  0.36/turn              D - +4 ring of protection
MPRegen  0.20/turn              G - ring of protection from fire

@: finesse, flying, heavily drained
A: permanent stasis, dig shafts and tunnels, four strong arms, antennae 3
a: Dig, Shaft Self, Heroism, Finesse, Renounce Religion


You were on level 4 of the Depths.
You worshipped Okawaru.
Okawaru was exalted by your worship.
You were hungry.

You visited 4 branches of the dungeon, and saw 22 of its levels.
You visited 2 bazaars.

You collected 1574 gold pieces.
You spent 751 gold pieces at shops.

Inventory:

Hand Weapons
 c - a +4 vampiric battleaxe (weapon)
 n - a +7 executioner's axe of electrocution
 A - the +8 war axe "Globulus" {vorpal, Stlth+}
   (You found it on level 12 of the Dungeon)

   It inflicts extra damage upon your enemies.
   It makes you more stealthy.
Missiles
 O - 8 curare-tipped darts (quivered)
Armour
 h - the +7 plate armour of Limitation (worn) {Int+2}
   (You found it on level 2 of the Depths)

   It affects your intelligence (+2).
 i - a +2 tower shield of protection (worn)
 s - +0 storm dragon scales
 F - a +2 pair of gloves of dexterity (worn)
 Q - a +2 kite shield of reflection
 U - a +1 cloak of poison resistance (worn)
Jewellery
 k - an uncursed ring of protection from cold
 l - an uncursed ring of fire
 m - a +6 ring of strength
 o - the amulet "Heloeju" {rC+ Regen+}
   (You acquired it on level 3 of the Depths)

   [amulet of regeneration]

   It protects you from cold.
   It increases your rate of regeneration.
 D - a +4 ring of protection (left hand)
 G - a ring of protection from fire (right hand)
 H - an uncursed ring of resist corrosion
 I - a +4 ring of evasion
 P - an uncursed ring of positive energy
 R - the amulet "Caer" (around neck) {Faith rElec MR+ Stlth+}
   (You found it on level 3 of the Depths)

   [amulet of faith]

   It allows you to gain divine favour quickly.
   It insulates you from electricity.
   It affects your resistance to hostile enchantments.
   It makes you more stealthy.
Wands
 u - a wand of iceblast (1)
 v - a wand of enslavement (18)
 z - a wand of paralysis (22)
 B - a wand of flame (10)
 E - a wand of polymorph (5)
Scrolls
 g - 6 scrolls of enchant armour
 j - 5 scrolls of fog
 q - 2 scrolls of remove curse
 y - 5 scrolls of immolation
 J - 3 scrolls of holy word
 L - 2 scrolls of fear
Potions
 a - 4 potions of stabbing
 b - 2 potions of resistance
 d - a potion of might
 e - a potion of cancellation
 p - 5 potions of lignification
 r - 2 potions of mutation
 t - 2 potions of flight
 w - 7 potions of curing
 C - 5 potions of brilliance
 M - 3 potions of magic
 N - a potion of invisibility
Comestibles
 f - 22 rations


   Skills:
 + Level 16.1(13.9) Fighting
 * Level 19.8(17.4) Axes
 + Level 16.1(13.9) Armour
 - Level 15.0(12.8) Shields
 + Level 10.2(8.3) Invocations


You had 18 spell levels left.
You didn't know any spells.
Your spell library contained the following spells:

 Spells                   Type           Power        Failure   Level  Hunger
 Apportation              Tloc           #.....       98%         1    ##.....
 Corona                   Hex            #......      98%         1    ##.....
 Shock                    Conj/Air       #...         98%         1    ##.....
 Corpse Rot               Necr/Air       N/A          99%         2    ###....
 Passwall                 Tmut/Erth      #.......     99%         2    ###....
 Poisonous Vapours        Pois/Air       #.....       99%         2    ###....
 Shroud of Golubria       Chrm/Tloc      #.....       99%         2    ###....
 Slow                     Hex            #.......     99%         2    ###....
 Conjure Flame            Conj/Fire      #.......     100%        3    ####...
 Gell's Gravitas          Tloc           #.........   100%        3    ####...
 Inner Flame              Hex/Fire       #.......     100%        3    ####...
 Lesser Beckoning         Tloc           #.........   100%        3    ####...
 Mephitic Cloud           Conj/Pois/Air  #.......     100%        3    ####...
 Portal Projectile        Hex/Tloc       #.....       100%        3    ####...
 Static Discharge         Conj/Air       #.......     100%        3    ####...
 Teleport Other           Tloc           #.......     100%        3    ####...
 Cause Fear               Hex            #.........   100%        4    #####..
 Leda's Liquefaction      Hex/Erth       #.........   100%        4    #####..
 Passage of Golubria      Tloc           N/A          100%        4    #####..
 Silence                  Hex/Air        #.........   100%        5    ######.
 Summon Forest            Summ/Tloc      #.........   100%        5    ######.
 Yara's Violent Unravell  Hex/Tmut       #.........   100%        5    ######.
 Dispersal                Tloc           #.........   100%        6    #######
 Freezing Cloud           Conj/Ice/Air   #.........   100%        6    #######
 Statue Form              Tmut/Erth      #........    100%        6    #######
 Haunt                    Necr/Summ      #.........   100%        7    #######
 Ring of Flames           Chrm/Fire      #.........   100%        7    #######
 Borgnjor's Revivificati  Necr           #.........   100%        8    #######
 Death's Door             Chrm/Necr      #.........   100%        8    #######
 Discord                  Hex            #.........   100%        8    #######
 Infestation              Necr           #.........   100%        8    #######
 Necromutation            Tmut/Necr      #.........   100%        8    #######
 Shatter                  Erth           #.........   100%        9    #######
 Blink                    Tloc           Unusable     N/A         2    N/A

Dungeon Overview and Level Annotations

Branches:
Dungeon (15/15)            Temple (1/1) D:4            Lair (0/6) D:11
    Orc (0/2) D:12         Vaults (0/5) D:13         Depths (5/5) D:15
   Hell (visited)
    Dis: Hell:1         Geh: Hell:1         Coc: Hell:1         Tar: Hell:1
    Zot: Depths:5

Altars:
Ashenzari
Cheibriados
Dithmenos
Elyvilon
Fedhas
Gozag
Hepliaklqana
Kikubaaqudgha
Makhleb
Nemelex Xobeh
Okawaru
Qazlal
Ru
Sif Muna
Trog
Uskayaw
Vehumet
Wu Jian
Xom
Yredelemnul
Zin
The Shining One
Lugonu

Shops:
D:6 !   D:9 =   D:10 (*   D:11 ?   Depths:4 =

Portals:
Hell: Depths:1 Depths:2 Depths:3 Depths:4
Abyss: Depths:4
Pandemonium: Depths:1 Depths:2 Depths:3 Depths:5
Ziggurat: Depths:4

Annotations:
Depths:2 exclusion: orange crystal statue
Hell Geryon


Innate Abilities, Weirdness & Mutations

You cannot be hasted, slowed, berserked, paralysed or teleported.
You can dig through walls and to a lower floor.
Your four strong arms can wield two-handed weapons with a shield.
You have a pair of large antennae on your head. (SInv)


Message History

The deep elf high priest utters a dark prayer and points at you.
Your life force is offered up.
* * * LOW HITPOINT WARNING * * *
The deep elf death mage is healed.
The deep elf high priest is healed.
You block the deep elf death mage's attack.
You block the deep elf high priest's attack.
The deep elf death mage beckons forth a restless soul!
You block the deep elf high priest's attack.
You block the deep elf death mage's attack.
The deep elf high priest calls down the wrath of its god upon you.
Something smites you!
* * * LOW HITPOINT WARNING * * *
Unknown command.
Okay, then.
Okay, then.
The lost soul fades away!
You see here 17 sling bullets.
The deep elf high priest invokes the aid of its god against you.
The sphere of damnation explodes!
The damnation engulfs you!!
You die...

######### ############
##.......## #.≈≈8≈≈.)..#
##..≈≈≈≈≈..## #..≈≈≈..#..#
#..≈≈≈≈≈≈≈..## ##..≈..##..#
#..≈≈≈≈≈≈≈≈≈..# ##...###..#
#.≈≈≈≈..}≈≈≈≈.# ##'## #..#
#.≈≈≈[.|.)≈@≈.# ##...###..#
#.≈≈≈[?8*e≈≈≈.# ##..≈..##..#
#.≈≈≈[.:.(≈≈≈.# #..≈≈≈..#..#
#.≈≈≈≈[*e≈≈≈≈.# #.≈≈.≈≈.#..#
#..≈≈≈≈≈≈≈≈≈..# #..≈≈≈..#..#
#...≈≈≈≈≈≈≈..#####..≈..##..#
#....≈≈≈≈≈..##...#'...###..#
#..........##..≈.÷#######..#
#...########..≈≈≈..#........


You could see a deep elf death mage (empowered), a deep elf high priest
(brilliance aura) and 2 lost souls.

Vanquished Creatures
  A golden dragon (Depths:4)
  A lich (Depths:1)
  Rupert (D:14)
  5 tentacled monstrosities
  Asterion (Depths:1)
  A titan (Depths:4)
  A tengu reaver (Depths:2)
  A storm dragon (Depths:2)
  A shadow dragon (Depths:2)
  3 fire giants
  A frost giant (shapeshifter) (Depths:3)
  2 deep elf elementalists
  A caustic shrike zombie (Depths:3)
  2 frost giants
  5 stone giants
  2 reapers
  13 very ugly things
  A juggernaut skeleton (Depths:3)
  13 vampire knights
  A deep elf annihilator (D:14)
  A spark wasp (Depths:2)
  2 yaktaur captains
  12 ettins
  7 fire dragons
  3 great orbs of eyes
  A deep elf high priest (Depths:4)
  4 rakshasas
  A monstrous demonspawn (Depths:2)
  3 hydras
  4 spriggan air magi
  10 ice dragons
  4 centaur warriors
  24 two-headed ogres
  2 dancing weapons (D:13)
  3 ogre magi
  6 deep troll shamans
  2 vampire magi
  9 deep troll earth magi
  A death yak (shapeshifter) (Depths:3)
  A thrashing horror (Depths:3)
  3 spriggan berserkers
  A sun demon (Depths:2)
  4 spriggans
  A wretched star (Depths:3)
  An unseen horror (D:14)
  4 iron trolls (Depths:3)
  A swamp dragon (shapeshifter) (Depths:3)
  2 golden dragon zombies
  2 glowing orange brains (Depths:4)
  A salamander mystic (Depths:2)
  A torturous demonspawn (Depths:3)
  A tengu zombie (Depths:3)
  3 necromancers
  15 deep trolls
  2 deep elf magi
  6 phantasmal warriors
  A harpy (shapeshifter) (Depths:1)
  22 ugly things
  A tengu skeleton (Depths:3)
  A stone giant zombie (Depths:1)
  3 cyclopes
  A worldbinder (Depths:3)
  2 manticores (D:14)
  3 salamanders (Depths:3)
  A fire giant skeleton (Depths:3)
  A rust devil (Depths:4)
  A centaur skeleton (D:14)
  A storm dragon simulacrum (Depths:1)
  2 ice devils
  7 starcursed masses (Depths:3)
  18 yaktaurs
  A merfolk (D:11)
  An elf skeleton (Depths:3)
  7 trolls
  2 tengu conjurers
  4 hornets
  23 slime creatures
  A spriggan zombie (Depths:3)
  5 hippogriffs
  A frost giant simulacrum (Depths:1)
  10 yaks
  6 air elementals (Depths:3)
  A shadow (D:14)
  4 water elementals (Depths:4)
  A wraith (D:14)
  A ynoxinul (Depths:2)
  2 hungry ghosts (D:12)
  A chaos spawn (Depths:3)
  3 large abominations (Depths:3)
  4 insubstantial wisps (Depths:3)
  2 soldier ants
  4 acid dragons
  A black bear (D:9)
  3 ice beasts
  6 orc warriors
  8 sky beasts
  5 phantoms
  3 eyes of draining
  9 ogres
  3 necrophages
  5 boggarts
  9 centaurs
  A crocodile (shapeshifter) (Depths:3)
  2 crocodiles
  2 big kobolds
  Blork the orc (D:5)
  3 gnoll sergeants (D:6)
  7 bullfrogs
  A wyvern skeleton (D:14)
  3 troll zombies (D:12)
  9 scorpions
  11 killer bees
  3 howler monkeys (D:9)
  2 electric eels
  7 crimson imps
  5 centaur zombies
  2 quasits
  9 hounds
  6 orc priests
  3 bullfrog zombies
  2 jellies (D:7)
  2 gnoll shamans (D:6)
  7 iguanas
  11 orc wizards
  4 lightning spires (Depths:3)
  4 worker ants
  5 ogre zombies (D:12)
  A hound skeleton (D:5)
  A worker ant zombie (D:6)
  A howler monkey zombie (D:7)
  39 gnolls
  A howler monkey skeleton (D:4)
  19 adders
  An ooze (D:3)
  3 worms
  A ball lightning (Depths:3)
  2 dart slugs
  4 leopard geckos
  52 orcs
  12 bats
  7 giant cockroaches
  8 goblins
  10 hobgoblins
  14 jackals
  16 kobolds
  7 quokkas
  A ball python (D:1)
  6 frilled lizards
  A giant cockroach zombie (D:6)
  2 goblin skeletons (D:12)
  A goblin zombie (D:12)
  2 hobgoblin skeletons (D:12)
  A hobgoblin zombie (D:12)
  A leopard gecko skeleton (D:5)
  An orc skeleton (D:12)
  18 orc zombies (D:12)
  2 quokka zombies
  13 rats
  A starspawn tentacle (Depths:3)
767 creatures vanquished.

Vanquished Creatures (collateral kills)
  A tentacled starspawn (Depths:3)
  2 thrashing horrors (Depths:3)
  2 starcursed masses (Depths:3)
5 creatures vanquished.

Vanquished Creatures (others)
  3 insubstantial wisps (Depths:3)
  2 electric eels (Depths:3)
  An orc wizard (D:6)
  A ball lightning (Depths:3)
  A lurking horror (Depths:3)
  34 plants
  2 starspawn tentacles (Depths:3)
44 creatures vanquished.

Grand Total: 816 creatures vanquished

Notes
Turn   | Place    | Note
-------+----------+-------------------------------------------
     0 | D:1      | TheNamelessOne the Formicid Fighter began the quest for the
                  | Orb.
     0 | D:1      | Reached XP level 1. HP: 18/18 MP: 1/1
   327 | D:1      | Reached XP level 2. HP: 24/24 MP: 2/2
   543 | D:1      | Reached XP level 3. HP: 26/29 MP: 3/3
  1164 | D:2      | Found a stormy altar of Qazlal.
  1192 | D:2      | Reached XP level 4. HP: 25/37 MP: 4/4
  1345 | D:2      | Reached skill level 3 in Axes
  2047 | D:2      | Reached XP level 5. HP: 36/42 MP: 5/5
  2236 | D:2      | Found a blossoming altar of Fedhas.
  2635 | D:3      | You fall into a shaft and drop 3 floors!
  2638 | D:6      | Noticed a bullfrog
  2642 | D:6      | Killed a bullfrog
  2642 | D:6      | Reached XP level 6. HP: 48/48 MP: 6/6
  2666 | D:7      | Reached skill level 4 in Axes
  2674 | D:6      | Noticed an orc warrior
  2688 | D:7      | Noticed an orc warrior
  2711 | D:7      | Noticed an orc warrior
  2789 | D:6      | Reached skill level 5 in Shields
  2789 | D:6      | Killed an orc warrior
  2789 | D:6      | Reached XP level 7. HP: 21/55 MP: 7/7
  2800 | D:5      | Entered Level 5 of the Dungeon
  3113 | D:5      | Found a basalt altar of Yredelemnul.
  3169 | D:5      | Reached skill level 5 in Axes
  3169 | D:5      | Reached skill level 5 in Armour
  3257 | D:5      | Reached skill level 5 in Fighting
  3777 | D:4      | Reached XP level 8. HP: 48/62 MP: 4/8
  3973 | D:4      | Found a staircase to the Ecumenical Temple.
  4199 | Temple   | Entered the Ecumenical Temple
  4284 | Temple   | Became a worshipper of Warmaster Okawaru
  4620 | D:3      | Found a bloodstained altar of Trog.
  4725 | D:3      | Reached skill level 6 in Axes
  5176 | D:5      | Found an ancient bone altar of Kikubaaqudgha.
  5178 | D:5      | Noticed Blork the orc
  5188 | D:5      | Killed Blork the orc
  5373 | D:5      | Found a sacrificial altar of Ru.
  5502 | D:5      | Reached * piety under Okawaru
  5502 | D:5      | Reached XP level 9. HP: 46/69 MP: 6/9
  5774 | D:6      | Reached skill level 7 in Axes
  6233 | D:6      | Identified the amulet "Vuramo" {Reflect rPois rF- rN+++
                  | Str-3 SH+5}
  6267 | D:6      | Reached ** piety under Okawaru
  6486 | D:6      | Found Kurozusk's Distillery.
  6490 | D:6      | Bought a potion of curing for 33 gold pieces
  6490 | D:6      | Bought a potion of lignification for 33 gold pieces
  6490 | D:6      | Bought a potion of heal wounds for 55 gold pieces
  6818 | D:7      | Reached skill level 8 in Axes
  7441 | D:7      | Noticed a hippogriff
  7458 | D:7      | Killed a hippogriff
  7458 | D:7      | Reached XP level 10. HP: 66/79 MP: 7/10
  8315 | D:8      | Reached skill level 9 in Axes
  8572 | D:9      | Found Suesit's Jewellery Shoppe.
  8599 | D:9      | Reached *** piety under Okawaru
  8851 | D:9      | Noticed a two-headed ogre
  8863 | D:9      | Killed a two-headed ogre
  9205 | D:9      | Reached **** piety under Okawaru
  9215 | D:9      | Noticed a two-headed ogre
  9223 | D:9      | Killed a two-headed ogre
  9223 | D:9      | Reached skill level 10 in Axes
  9328 | D:9      | Reached XP level 11. HP: 49/87 MP: 7/11
 10265 | D:10     | Entered Level 10 of the Dungeon
 10265 | D:10     | Found Yrobes's Antique Weapon Shoppe.
 10382 | D:10     | Found Asisaula's Assorted Antiques.
 10689 | D:10     | Found a radiant altar of Vehumet.
 11114 | D:11     | Found Dalysint's Magic Scroll Shoppe.
 11163 | D:11     | Received a gift from Okawaru
 11171 | D:11     | Reached skill level 1 in Invocations
 11182 | D:11     | Found a flickering gateway to a bazaar.
 11343 | D:11     | Reached ***** piety under Okawaru
 11343 | D:11     | Reached skill level 11 in Axes
 11491 | D:11     | Noticed a cyan ugly thing
 11501 | D:11     | Killed a cyan ugly thing
 11759 | D:11     | Received a gift from Okawaru
 11830 | Bazaar   | Entered a bazaar
 11830 | Bazaar   | Found Pablucuf's Antique Weapon Shoppe.
 11830 | Bazaar   | Found Peloj's Antique Armour Emporium.
 11975 | Bazaar   | Found Muantorgh's General Store.
 11989 | Bazaar   | Found Voullur's Assorted Antiques.
 12009 | Bazaar   | Bought a sedimented coppery potion for 24 gold pieces
 12009 | Bazaar   | Bought a potion of might for 108 gold pieces
 12009 | Bazaar   | Bought a blackened pearl ring for 135 gold pieces
 12103 | D:11     | Noticed a white ugly thing
 12119 | D:11     | Killed a white ugly thing
 12388 | D:11     | Noticed a two-headed ogre
 12412 | D:11     | Killed a two-headed ogre
 12706 | D:11     | Identified the Incunabulum of Translocation and Lightness
 12888 | D:11     | Found a staircase to the Lair.
 13048 | D:12     | Got a shimmering war axe
 13049 | D:12     | Identified the +8 war axe "Globulus" {vorpal, Stlth+} (You
                  | found it on level 12 of the Dungeon)
 13127 | D:12     | Reached XP level 12. HP: 87/97 MP: 12/15
 13233 | D:12     | Found a staircase to the Orcish Mines.
 13340 | D:12     | Reached skill level 12 in Axes
 13701 | D:12     | Reached skill level 10 in Armour
 13756 | D:12     | Reached skill level 10 in Fighting
 13804 | D:12     | Reached skill level 5 in Invocations
 14117 | D:13     | Noticed a +5 long sword
 14124 | D:13     | Killed a +5 long sword
 14192 | D:13     | Noticed a +2 long sword
 14196 | D:13     | Killed a +2 long sword
 14209 | D:13     | Received a gift from Okawaru
 14236 | D:13     | Noticed a two-headed ogre
 14243 | D:13     | Killed a two-headed ogre
 14847 | D:13     | Noticed an eight-headed hydra
 14860 | D:13     | Killed a nine-headed hydra
 15052 | D:13     | Noticed a two-headed ogre
 15058 | D:13     | Killed a two-headed ogre
 15058 | D:13     | Reached skill level 13 in Axes
 15058 | D:13     | Reached XP level 13. HP: 92/104 MP: 14/18
 15436 | D:13     | Found a gate to the Vaults.
 15940 | D:14     | Noticed Rupert
 15951 | D:14     | You fall into a shaft and drop 1 floor!
 15951 | D:15     | Entered Level 15 of the Dungeon
 16314 | D:14     | Killed Rupert
 16425 | D:14     | Found a shimmering altar of Xom.
 16760 | D:14     | Received a gift from Okawaru
 16778 | D:14     | Got a pair of crude boots {god gift}
 16784 | D:14     | Identified the -3 pair of boots of the Endless Expanse
                  | {+Inv rF- Str+3} (Okawaru gifted it to you on level 14 of
                  | the Dungeon)
 17098 | D:14     | Reached skill level 14 in Axes
 17170 | D:14     | Noticed a fire dragon
 17170 | D:14     | Noticed a deep elf annihilator
 17175 | D:14     | Found a runed translucent door.
 17176 | D:14     | Noticed a centaur warrior
 17254 | D:14     | Killed a deep elf annihilator
 17263 | D:14     | Killed a fire dragon
 17269 | D:14     | Killed a centaur warrior
 17274 | D:14     | Reached XP level 14. HP: 74/114 MP: 9/19
 17740 | D:15     | Found a staircase to the Depths.
 17756 | D:15     | Reached skill level 10 in Shields
 18041 | D:15     | Reached ****** piety under Okawaru
 18504 | Depths:1 | Entered Level 1 of the Depths
 18636 | Depths:1 | Noticed a cyan very ugly thing
 18650 | Depths:1 | Killed a green very ugly thing
 18657 | Depths:1 | Received a gift from Okawaru
 18675 | Depths:1 | Noticed a vampire knight
 18898 | Depths:1 | Killed a vampire knight
 18898 | Depths:1 | Reached skill level 15 in Axes
 19096 | Depths:1 | Noticed a vampire knight
 19098 | Depths:1 | Noticed a vampire knight
 19108 | D:15     | Killed a vampire knight
 19118 | D:15     | Killed a vampire knight
 19265 | Depths:1 | Noticed a vampire knight
 19283 | Depths:1 | Noticed a stone giant
 19291 | D:15     | Killed a vampire knight
 19421 | D:15     | Killed a stone giant
 19570 | Depths:1 | Noticed a stone giant
 19580 | Depths:1 | Killed a stone giant
 19605 | Depths:1 | Noticed a vampire knight
 19619 | Depths:1 | Killed a vampire knight
 19886 | Depths:1 | Found a gateway to Hell.
 19955 | Depths:1 | Noticed a vampire knight
 19984 | Depths:1 | Killed a vampire knight
 19984 | Depths:1 | Reached XP level 15. HP: 53/122 MP: 9/20
 20580 | Depths:1 | Found the +12 Vampire's Tooth {vamp}
 20651 | Depths:1 | Noticed Asterion
 20666 | Depths:1 | Killed Asterion
 21230 | Depths:1 | Found a one-way gate leading to the halls of Pandemonium.
 21298 | Depths:1 | Reached skill level 16 in Axes
 21599 | Depths:1 | Received a gift from Okawaru
 21638 | Depths:1 | Noticed a lich
 21654 | Depths:1 | Killed a lich
 21958 | Depths:1 | Noticed a fire giant
 21975 | Depths:1 | Killed a fire giant
 21976 | Depths:1 | Noticed a stone giant
 21981 | Depths:1 | Killed a stone giant
 22257 | Depths:1 | Reached XP level 16. HP: 104/131 MP: 16/21
 22933 | Depths:2 | Noticed a tengu reaver
 22955 | Depths:2 | Killed a tengu reaver
 23279 | Depths:2 | Received a gift from Okawaru
 23989 | Depths:2 | Noticed a shadow dragon
 23989 | Depths:2 | Noticed a frost giant
 24007 | Depths:2 | Noticed a storm dragon
 24008 | Depths:2 | Reached skill level 17 in Axes
 24008 | Depths:2 | Noticed a fire giant
 24015 | Depths:2 | Killed a frost giant
 24018 | Depths:2 | Killed a storm dragon
 24019 | Depths:2 | Noticed a tentacled monstrosity
 24023 | Depths:2 | Killed a shadow dragon
 24027 | Depths:2 | Killed a tentacled monstrosity
 24030 | Depths:2 | Killed a fire giant
 24197 | Depths:2 | Received a gift from Okawaru
 24444 | Depths:2 | Noticed a tentacled monstrosity
 24453 | Depths:2 | Killed a tentacled monstrosity
 24556 | Depths:2 | Identified the Incunabulum of Air and the Rocks
 24560 | Depths:2 | Got a crude plate armour
 24561 | Depths:2 | Identified the +7 plate armour of Limitation {Int+2} (You
                  | found it on level 2 of the Depths)
 24950 | Depths:3 | Noticed a frost giant
 24950 | Depths:3 | a dire elephant changed into a frost giant
 24952 | Depths:3 | Killed a frost giant
 25046 | Depths:3 | Received a gift from Okawaru
 25050 | Depths:3 | Reached XP level 17. HP: 129/140 MP: 13/22
 25402 | Depths:3 | Found a flickering gateway to a bazaar.
 25411 | Bazaar   | Entered a bazaar
 25469 | Bazaar   | Found Coqait's Distillery.
 25486 | Bazaar   | Found Fiaguy's Magic Scroll Emporium.
 25503 | Bazaar   | Found Boadok's Assorted Antiques.
 25520 | Bazaar   | Found Ocackufa's Weapon Shoppe.
 25557 | Bazaar   | Bought a scroll of summoning for 123 gold pieces
 25572 | Bazaar   | Bought an encrusted moonstone ring for 120 gold pieces
 25572 | Bazaar   | Bought a cabochon ring for 120 gold pieces
 25659 | Depths:3 | Found a transporter.
 25661 | Depths:3 | Found a corrupted altar of Lugonu.
 25662 | Depths:3 | Noticed a tentacled starspawn
 25662 | Depths:3 | Noticed a tentacled monstrosity
 26086 | Depths:3 | Received a gift from Okawaru
 26086 | Depths:3 | Reached skill level 18 in Axes
 26951 | Depths:3 | Reached skill level 15 in Armour
 26953 | Depths:3 | Reached skill level 15 in Fighting
 27268 | Depths:3 | Found a runed translucent door.
 27773 | Depths:3 | Reached XP level 18. HP: 142/149 MP: 21/23
 27782 | Depths:3 | Received a gift from Okawaru
 28155 | Depths:3 | Found a transporter.
 28490 | Depths:3 | Identified a scroll of acquirement
 28494 | Depths:3 | Killed a tentacled monstrosity
 28494 | Depths:3 | Received a gift from Okawaru
 28507 | Depths:3 | Reached skill level 19 in Axes
 28531 | Depths:3 | Got the amulet "Heloeju" {rC+ Regen+}
 28550 | Depths:3 | Got a warped silver amulet
 28555 | Depths:3 | Identified the amulet "Caer" {Faith rElec MR+ Stlth+} (You
                  | found it on level 3 of the Depths)
 28832 | Hell     | Entered the Vestibule of Hell
 28832 | Hell     | Noticed Geryon
 28938 | Depths:4 | Reached skill level 15 in Shields
 28972 | Depths:4 | Received a gift from Okawaru
 28994 | Depths:4 | Reached XP level 19. HP: 157/157 MP: 19/26
 29097 | Depths:4 | Found Ekhised's Jewellery Shop.
 29521 | Depths:4 | Noticed a tentacled monstrosity
 29537 | Depths:4 | Killed a tentacled monstrosity
 29764 | Depths:4 | Found a gateway to a ziggurat.
 29776 | Depths:4 | Found a one-way gate to the infinite horrors of the Abyss.
 29856 | Depths:5 | Entered Level 5 of the Depths
 29857 | Depths:5 | Noticed a juggernaut
 29953 | Depths:5 | Noticed a tentacled monstrosity
 30427 | Depths:4 | Reached skill level 10 in Invocations
 30491 | Depths:4 | Noticed a titan
 30513 | Depths:4 | Killed a titan
 30615 | Depths:4 | Noticed a tentacled monstrosity
 30646 | Depths:4 | Killed a tentacled monstrosity
 30698 | Depths:4 | Noticed a golden dragon
 30783 | Depths:4 | Killed a golden dragon
 30885 | Depths:4 | Killed from afar by a deep elf high priest

Illustrated notes

Levels and vault maps discovered:
D:1:      dpeg_arrival_water_fire, layout_loops_ring, minmay_tree_intersection,
          kennysheep_another_room, minmay_misc_feat_five,
          ebering_dispersal_statue_hall, hangedman_glass_garden
D:2:      layout_basic, grunt_qazlal_clouds, fedhas_altar_2,
          mrwooster_statue_mirror
D:3:      layout_basic, lightli_temple_of_fire, minmay_increasing_density
D:4:      layout_rooms, minmay_temple_entry_enclosed_plants, first_ration,
          dk_noncrumbling_4, minmay_manual_mares
D:5:      layout_basic, kiku_gazebo_garden_becter, lemuel_crystal_altar,
          yredelemnul_altar_generic, uniq_blork_the_orc
D:6:      layout_cave_pools, serial_gnoll_camp, gnoll_camp_mini_shop,
          gnoll_camp_mini_loothouse, gnoll_camp_huts_moat, gnoll_camp_medium_01,
          kennysheep_small_square
D:7:      layout_loops_ring
D:8:      layout_basic, chequers_garden
D:9:      layout_loops_corners, serial_shops, shop
D:10:     layout_small_grid, serial_shops, shop, shop, basic_altar
D:11:     layout_loops_ring, lair_entry_dummy, serial_shops, bzr_entry_dummy,
          shop, hangedman_fish_farm
D:12:     layout_stronghold, zombieorc2_lemuel
D:13:     layout_cave_pools, erik_vaults_1
D:14:     layout_cave_pods, basic_altar, minmay_st_funbox, uniq_rupert
D:15:     grunt_enter_depths_snipers, layout_basic, hangedman_decor_slide_cut
Temple:   minmay_crystal_spiral_temple
Depths:1: layout_gridlike, serial_curves, eino_curves_03, eino_curves_02,
          eino_curves_03, eino_curves_01, hell_entry, rand_demon_pan_entry_1,
          hangedman_abyss_or_decor_clamps, minmay_guarded_unrand_vampires_tooth,
          uniq_asterion
Depths:2: minmay_inner_zag, layout_small_grid, hell_entry, serial_shops,
          statue_bzr, serial_glass, glass_columns_b, glass_columns_b,
          rand_demon_pan_entry_9, corexii_hall_statues_l,
          minmay_checkered_concentric_circles, serial_bayou_shore_b
Depths:3: gammafunk_corrupted_shrine, layout_gridlike, hell_entry,
          grunt_decor_arrowhead, serial_shops, bzr_firewalk,
          rand_demon_pan_entry_5, minmay_splitting_lines, hangedman_aerie_drop
Depths:4: kennysheep_water_balloons, layout_long_grid, enter_ziggurat_e,
          abyss_entry, infiniplex_staircase_pool_2, grunt_hell_entry_dis_mu,
          serial_shops, kennysheep_mini
Depths:5: evilmike_zot_entry_argh, layout_small_grid, pan_entry,
          abyss_entry_flame_altar, pf_vacation_house_of_asmodeus, serial_shops,
          shop, hangedman_decor_growths, xom_teletrap_fun, grunt_megastairs_2
Hell

Skill      XL: |  1  2  3  4  5  6  7  8  9 10 11 12 13 14 15 16 17 18 19 |
---------------+----------------------------------------------------------+-----
Shields        | 4 5 6 7 9 11 12 13 14 15 | 15.0
Axes           | 3 4 5 6 8 10 11 13 14 15 16 17 18 19 | 19.8
Armour         | 4 5 6 7 8 9 10 11 12 13 14 15 16 | 16.1
Fighting       | 4 5 6 7 8 9 10 11 12 13 14 15 16 | 16.1
Invocations    | 4 6 7 9 10 | 10.2

Action                   |  1- 3 |  4- 6 |  7- 9 | 10-12 | 13-15 | 16-18 | 19-21 || total
-------------------------+-------+-------+-------+-------+-------+-------+-------++-------
Melee: War axe           |   116 |   191 |   410 |   639 |   387 |    43 |       ||  1786
       Great mace        |       |       |       |       |   157 |       |       ||   157
       Demon trident     |       |       |       |       |    26 |       |       ||    26
       Battleaxe         |       |       |       |       |       |   468 |   115 ||   583
       Executioner's axe |       |       |       |       |       |   218 |    12 ||   230
Throw: Dart              |       |       |       |       |    14 |     4 |       ||    18
Invok: Heroism           |       |       |     1 |     2 |    10 |    14 |     1 ||    28
       Finesse           |       |       |       |     1 |     8 |    10 |     1 ||    20
 Abil: Dig               |       |     1 |     2 |       |     5 |    10 |       ||    18
       Shaft Self        |       |       |       |       |     1 |       |       ||     1
Evoke: Wand              |       |     2 |    11 |     2 |       |     6 |     8 ||    29
  Use: Potion            |       |     1 |       |       |     3 |     5 |     1 ||    10
       Scroll            |       |       |    10 |    13 |     4 |    11 |       ||    38
 Stab: Confused          |       |       |     1 |       |       |       |       ||     1
  Eat: Chunk             |     1 |     5 |    16 |    22 |    11 |    18 |       ||    73
       Ration            |       |       |       |     1 |     4 |     1 |     2 ||     8
Armor: Scale mail        |    45 |       |       |       |       |       |       ||    45
       Plate armour      |     7 |   189 |   221 |   268 |   163 |    70 |   100 ||  1018
       Storm dragon scal |       |       |       |       |       |   238 |       ||   238
Dodge: Dodged            |    29 |    41 |   103 |   182 |    77 |   184 |    32 ||   648
Block: Kite shield       |    73 |   139 |   279 |   385 |    60 |   478 |    10 ||  1424
       Tower shield      |       |       |       |       |   293 |       |   145 ||   438
       Reflection        |       |       |       |       |     3 |    15 |     1 ||    19
